 Dungeon Crawl Stone Soup version 0.29-a0-334-gb41bcbb86e (webtiles) character file.

Game seed: 18242286264936897663

13657 stormannn the Gusty (level 11, -9/74 HPs)
             Began as a Demigod Air Elementalist on Apr 13, 2022.
             Collided with a rock wall (15 damage)
             ... caused by a wretched star
             ... on level 1 of the Abyss.
             The game lasted 00:39:30 (14742 turns).

stormannn the Gusty (Demigod Air Elementalist)     Turns: 14742, Time: 00:39:31

Health: -9/74      AC: 14    Str:  9    XL:     11   Next: 49%
Magic:  16/34      EV: 15    Int: 39    God:
Gold:   568        SH:  0    Dex: 14    Spells: 9/24 levels left

rFire   . . .      SeeInvis +   y - +1 war axe "Waerun Vamu" {flame, *Rage rN+++ MP+9 SInv}
rCold   . . .      Faith    .   (no shield)
rNeg    + + +      Spirit   .   s - +1 robe of the Stars {Int+4 Archmagi}
rPois   .          Reflect  .   c - +2 helmet
rElec   .          Harm     .   x - +0 cloak
rCorr   .          Rampage  .   (no gloves)
Will    +....      Archmagi +   (no boots)
Stlth   ++........ Clarity  +   q - amulet of regeneration
HPRegen 1.02/turn               l - +6 ring of intelligence
MPRegen 0.24/turn               z - ring of the Tortoise {AC+8}

@: unable to read
A: high MP 1, forlorn, divine attributes, talons 1, clarity, strong 2, inability
to read while threatened, [deformed body], [weak 2]
a: no special abilities


You were on level 1 of the Abyss.
You visited 2 branches of the dungeon, and saw 16 of its levels.
You visited the Abyss 1 time.

You collected 568 gold pieces.

Inventory:

Hand Weapons
 a - the +10 fustibalus of the Past {speed, rF++ rCorr}
   (You found it on level 6 of the Dungeon)

   Attacks with this weapon are significantly faster.
   rF:        It greatly protects you from fire.
   rCorr:     It protects you from acid and corrosion.
 y - the +1 war axe "Waerun Vamu" (weapon) {flame, *Rage rN+++ MP+9 SInv}
   (You found it on level 8 of the Dungeon)

   It burns those it strikes, dealing additional fire damage.
   Big, fiery blades are also staple armaments of hydra-hunters.
   rN:        It renders you almost immune to negative energy.
   MP:        It affects your magic capacity (+9).
   SInv:      It lets you see invisible.
   *Rage:     It berserks you when you make melee attacks (+20% chance).
Missiles
 n - 2 throwing nets
Armour
 c - a +2 helmet (worn)
 s - the +1 robe of the Stars (worn) {Int+4 Archmagi}
   (You found it on level 6 of the Dungeon)

   Int:       It affects your intelligence (+4).
   Archmagi:  It increases the power of your magical spells.
 x - a +0 cloak (worn)
Jewellery
 h - a ring of flight
 l - a +6 ring of intelligence (left hand)
 q - an amulet of regeneration (around neck)
 z - the ring of the Tortoise (right hand) {AC+8}
   (You took it off an orc priest on level 8 of the Dungeon)

   [ring of protection]

   AC:        It affects your AC (+8).
 C - a ring of fire
 D - a ring of fire
 F - a ring of willpower
 G - an amulet of reflection
Wands
 i - a wand of flame (28)
 p - a wand of charming (12)
Scrolls
 e - 2 scrolls of blinking
 f - a scroll of brand weapon
 k - 4 scrolls of teleportation
 r - 3 scrolls of holy word
 w - a scroll of enchant armour
 B - a scroll of fog
 H - a scroll of enchant weapon {unknown}
Potions
 b - 2 potions of magic
 d - a potion of heal wounds
 g - 2 potions of brilliance
 j - 7 potions of curing
 m - 3 potions of attraction
 o - 3 potions of lignification
 t - 2 potions of cancellation
 u - 3 potions of flight
 v - a potion of haste
 A - a potion of ambrosia
 E - a potion of resistance


   Skills:
 - Level 1.5 Armour
 + Level 7.5 Dodging
 - Level 1.7 Stealth
 + Level 7.0 Spellcasting
 - Level 7.0 Conjurations
 - Level 6.6 Transmutations
 + Level 1.8 Ice Magic
 + Level 7.9 Air Magic
 - Level 6.6 Poison Magic


You had 9 spell levels left.
You knew the following spells:

 Your Spells              Type           Power      Damage    Failure   Level
a - Shock                 Conj/Air       100%       1d9       1%          1
b - Static Discharge      Conj/Air       83%        N/A       1%          2
c - Spider Form           Tmut/Pois      78%        N/A       1%          3
d - Airstrike             Air            42%        N/A       1%          4
e - Freezing Cloud        Conj/Ice/Air   36%        6-21      7%          5

Your spell library contained the following spells:

 Spells                   Type           Power      Damage    Failure   Level
 Swiftness                Air            85%        N/A       1%          3
 Ensorcelled Hibernation  Hex/Ice        62%        N/A       2%          2
 Anguish                  Hex/Necr       10%        N/A       26%         4
 Simulacrum               Ice/Necr       15%        N/A       95%         6
 Polar Vortex             Ice            21%        N/A       100%        9


Dungeon Overview and Level Annotations

Branches:
Dungeon (15/15)            Temple (1/1) D:7            Lair (0/6) D:10
    Orc: D:9-12      Vaults: D:13-14     Depths: D:15

Shops:
D:7 ?*   D:8 [   D:11 ([==

Annotations:
D:5 1 runed translucent door, Crazy Yiuf
D:12 2 runed translucent doors, Erolcha


Innate Abilities, Weirdness & Mutations

You have an increased reservoir of magic. (+10% MP)
You shall have no god before yourself.
Your divine heritage dramatically boosts your attributes as you level up.
You have sharp toenails.
You possess an exceptional clarity of mind.
Your muscles are very strong. (Str +4)
You sometimes lose the ability to read scrolls when taking damage.
[Armour fits poorly on your strangely shaped body.]
[You are very weak. (Str -4)]


Message History

Casting: Static Discharge (safe; 1% risk of failure)
Confirm with . or Enter, or press ? or * to list all spells.
You feel a surge of power!
The large abomination is struck by an arc of lightning!
The large abomination is moderately damaged.
The lightning grounds out.
The large abomination is engulfed in seething chaos.
The large abomination seems to grow stronger.
The large abomination closely misses you.
Casting: Static Discharge (safe; 1% risk of failure)
Confirm with . or Enter, or press ? or * to list all spells.
You feel a surge of power!
The large abomination is struck by an arc of lightning!
The large abomination is heavily damaged.
You are struck by an arc of lightning.
The large abomination is struck by an arc of lightning!
The large abomination is severely damaged.
The large abomination hits you!
Casting: Static Discharge (safe; 1% risk of failure)
Confirm with . or Enter, or press ? or * to list all spells.
You feel a surge of power!
The large abomination is struck by an arc of lightning!
The large abomination is almost destroyed.
The orange demon is struck by an arc of lightning.
The orange demon is lightly wounded.
The orange demon stings you but does no damage.
The large abomination barely misses you.
Casting: Static Discharge (safe; 1% risk of failure)
Confirm with . or Enter, or press ? or * to list all spells.
You feel a surge of power!
The large abomination is struck by an arc of lightning!
You destroy the large abomination!
That felt strangely unrewarding.
You are struck by an arc of lightning.
The lightning grounds out.
The wretched star glows turbulently.
The lance of force hits you!!
* * * LOW HITPOINT WARNING * * *
You are knocked back by the lance of force.
You slam into the rock wall!
You die...

##### #..@#
##### ###.# #..
....4*.# #
#............#
##..........###
#...........#
.#.. .......#
## ..##..##.. #
#.. #..#...#


You could see a wretched star and an orange demon.

Vanquished Creatures
  A hydra (D:12)
  3 two-headed ogres
  A centaur warrior (D:9)
  Pikel (D:8)
  A cyclops (D:12)
  2 ugly things
  A manticore (D:12)
  2 unseen horrors (D:11)
  3 trolls
  A hornet (D:8)
  A vampire (D:11)
  3 shadows
  A wyvern (D:10)
  13 yaks
  3 wraiths
  2 basilisks
  A hog (D:12)
  2 chaos spawn (Abyss:1)
  A large abomination (Abyss:1)
  A steam dragon (D:10)
  An acid dragon (D:12)
  A water moccasin (D:7)
  3 black bears
  3 orc warriors
  2 centaurs (D:8)
  An ogre (D:4)
  3 lemures (D:8)
  2 phantoms
  4 bullfrogs
  A kobold brigand (D:9)
  2 scorpions
  5 wights (D:8)
  17 killer bees
  4 howler monkeys
  6 orc priests
  4 hounds
  2 jellies
  A gnoll shaman (D:7)
  An iguana (D:5)
  10 orc wizards
  An ogre zombie (D:10)
  10 gnolls
  8 adders
  A shadow imp (D:8)
  3 dart slugs
  31 orcs
  2 endoplasms
  2 giant cockroaches
  8 goblins
  6 hobgoblins
  5 jackals
  13 kobolds
  2 quokkas
  8 ball pythons
  5 bats
  4 frilled lizards
  3 hobgoblin zombies (D:10)
  4 orc zombies (D:10)
  8 rats
  2 starspawn tentacles (Abyss:1)
243 creatures vanquished.

Vanquished Creatures (others)
  A yak (D:10)
  A fungus (D:10)
  A starspawn tentacle (Abyss:1)
3 creatures vanquished.

Grand Total: 246 creatures vanquished

Notes
Turn   | Place    | Note
-------+----------+-------------------------------------------
     0 | D:1      | stormannn the Demigod Air Elementalist began the quest for
                  | the Orb.
     0 | D:1      | Reached XP level 1. HP: 14/14 MP: 5/5
   109 | D:1      | Reached skill level 1 in Conjurations
   276 | D:1      | Reached XP level 2. HP: 20/20 MP: 4/7
   908 | D:1      | Reached XP level 3. HP: 26/26 MP: 1/8
  1603 | D:2      | Reached skill level 1 in Armour
  2225 | D:2      | Gained mutation: Your body sometimes deteriorates upon
                  | taking damage. [potion of mutation]
  2225 | D:2      | Gained mutation: You are somewhat resistant to further
                  | mutation. [potion of mutation]
  2709 | D:3      | Reached XP level 4. HP: 29/33 MP: 1/10
  3660 | D:3      | Learned a level 2 spell: Static Discharge
  3664 | D:3      | Learned a level 3 spell: Spider Form
  4359 | D:4      | Noticed an ogre
  4370 | D:4      | Killed an ogre
  4371 | D:4      | Reached XP level 5. HP: 31/38 MP: 0/11
  4590 | D:4      | Lost mutation: Your body sometimes deteriorates upon taking
                  | damage. [potion of mutation]
  4590 | D:4      | Lost mutation: You are somewhat resistant to further
                  | mutation. [potion of mutation]
  4590 | D:4      | Gained mutation: Your muscles are strong. (Str +2) [potion
                  | of mutation]
  4590 | D:4      | Gained mutation: You sometimes lose the ability to read
                  | scrolls when taking damage. [potion of mutation]
  4590 | D:4      | Gained mutation: Your muscles are very strong. (Str +4)
                  | [potion of mutation]
  4590 | D:4      | Gained mutation: You have hidden genetic potential. [potion
                  | of mutation]
  4763 | D:4      | Noticed a black bear
  4785 | D:4      | Killed a black bear
  4786 | D:4      | Reached skill level 1 in Transmutations
  4786 | D:4      | Reached skill level 1 in Poison Magic
  4786 | D:4      | Reached XP level 6. HP: 38/45 MP: 3/13
  4963 | D:5      | Entered Level 5 of the Dungeon
  5256 | D:5      | Gained mutation: You possess an exceptional clarity of
                  | mind. [hidden potential]
  6413 | D:5      | Found a runed translucent door.
  6414 | D:5      | Noticed Crazy Yiuf
  6595 | D:6      | Identified the +1 robe of the Stars {Int+4 Archmagi}
  6907 | D:6      | Reached XP level 7. HP: 50/50 MP: 8/15
  7168 | D:6      | Gained mutation: You have sharp toenails. [hidden
                  | potential]
  7168 | D:6      | Lost mutation: You have hidden genetic potential. [hidden
                  | potential expressed]
  7249 | D:6      | Identified the +10 fustibalus of the Past {speed, rF++
                  | rCorr}
  7744 | D:6      | Noticed a spectral ugly thing
  8041 | D:7      | Noticed a shadow
  8048 | D:7      | Killed a shadow
  8115 | D:7      | Found Ugril's General Store.
  8191 | D:7      | Found Bubrut's Magic Scroll Boutique.
  8200 | D:7      | Reached XP level 8. HP: 50/57 MP: 10/17
  8314 | D:7      | Found a staircase to the Ecumenical Temple.
  9076 | Temple   | Entered the Ecumenical Temple
  9104 | D:8      | Noticed a hornet
  9110 | D:8      | Killed a hornet
  9111 | D:8      | Reached skill level 5 in Air Magic
  9182 | D:8      | Noticed a troll
  9189 | D:8      | Killed a troll
  9494 | D:8      | Found Ozxok's Armour Shop.
  9621 | D:8      | Noticed Pikel
  9632 | D:8      | Killed Pikel
  9633 | D:8      | Reached XP level 9. HP: 50/62 MP: 10/19
  9685 | D:8      | Noticed a two-headed ogre
  9696 | D:8      | Killed a two-headed ogre
  9697 | D:8      | Reached skill level 5 in Dodging
  9697 | D:8      | Reached skill level 5 in Spellcasting
  9697 | D:8      | Reached skill level 5 in Conjurations
  9910 | D:8      | Identified the +1 war axe "Waerun Vamu" {flame, *Rage rN+++
                  | MP+9 SInv}
  9920 | D:8      | Noticed a cyclops
 10439 | D:9      | Reached skill level 5 in Transmutations
 10439 | D:9      | Reached skill level 5 in Poison Magic
 10567 | D:9      | Noticed a red ugly thing
 10586 | D:9      | Noticed a centaur warrior
 10593 | D:9      | Killed a centaur warrior
 10594 | D:9      | Reached XP level 10. HP: 12/69 MP: 22/22
 10803 | D:9      | Killed a red ugly thing
 10864 | D:9      | Learned a level 4 spell: Airstrike
 11502 | D:10     | Entered Level 10 of the Dungeon
 11565 | D:10     | Noticed a two-headed ogre
 11574 | D:10     | Killed a two-headed ogre
 12012 | D:10     | Found a staircase to the Lair.
 12339 | D:10     | Reached XP level 11. HP: 47/74 MP: 1/24
 13049 | D:11     | Found Iteaqos's Antique Armour Emporium.
 13054 | D:11     | Noticed a two-headed ogre
 13062 | D:11     | Killed a two-headed ogre
 13193 | D:11     | Found Qeukif's Weapon Shoppe.
 13351 | D:11     | Found Olaryuca's Jewellery Boutique.
 13367 | D:11     | Found Wowasaki's Jewellery Shop.
 13920 | D:11     | Learned a level 5 spell: Freezing Cloud
 13928 | D:12     | Noticed a six-headed hydra
 13933 | D:12     | Killed a six-headed hydra
 13934 | D:12     | Reached skill level 1 in Ice Magic
 14174 | D:12     | You fall into a shaft and drop 3 floors!
 14174 | D:15     | Entered Level 15 of the Dungeon
 14174 | D:15     | Noticed a tengu warrior
 14211 | D:14     | Noticed a centaur warrior
 14246 | D:14     | Noticed an eight-headed hydra
 14505 | D:12     | Found a runed translucent gate.
 14506 | D:12     | Found a runed translucent gate.
 14509 | D:12     | Noticed Erolcha
 14511 | D:12     | Cast into level 1 of the Abyss (Erolcha)
 14620 | Abyss:1  | Noticed a tentacled starspawn
 14701 | Abyss:1  | Noticed a wretched star
 14742 | Abyss:1  | Collided with a rock wall

Illustrated notes

Levels and vault maps discovered:
D:1:      nzn_arrival_settlement, layout_loops_ring
D:2:      layout_loops_cross, hellmonk_ecumenical_altar_inner_sanctum,
          minmay_split_cup_large
D:3:      layout_loops_ring, kennysheep_another_room
D:4:      layout_gridville
D:5:      layout_gridville, roderic_lattice_a, uniq_crazy_yiuf_cottage
D:6:      layout_basic, mainiacjoe_overflow_paths,
          nicolae_qazlal_eye_of_the_storm, regret_index_temple_of_mockery,
          minivault_27
D:7:      layout_basic, minmay_temple_entry_wispy, serial_shops, shop_fountains,
          nicolae_square_shop, lemuel_flame_loot_1
D:8:      layout_rooms, serial_shops, nicolae_square_shop,
          minmay_misc_feat_hallway, grunt_potential, uniq_pikel
D:9:      layout_loops_cross, minmay_misc_feat_encased, eino_jars
D:10:     layout_stronghold, david_lair_generic, zombieorc2_lemuel,
          nicolae_figureground_pulse
D:11:     layout_roguey, serial_shops, nicolae_shop_crystal, shop,
          nicolae_stop_n_shop_1, minmay_shop_enchanted_jewellery, st_stairs_3,
          nrook_uturn
D:12:     minmay_the_grid_triangle_9x9_recursive_3
          [minmay_the_grid_triangle_9x9_skeleton,
          minmay_the_grid_triangle_9x9_impossible_snake,
          minmay_the_grid_triangle_9x9_fully_insulated_deathbox,
          minmay_the_grid_triangle_9x9_prize_top_heavy,
          minmay_the_grid_triangle_9x9_cache,
          minmay_the_grid_triangle_9x9_alien,
          minmay_the_grid_triangle_9x9_minimal,
          minmay_the_grid_triangle_9x9_descending_squares,
          minmay_the_grid_triangle_9x9_pentomino_pain], layout_irregular_city,
          ebering_ghost_gozag, kennysheep_generic_room_16, uniq_kirke,
          uniq_erolcha
D:13:     layout_roguey, pf_eden
D:14:     layout_basic, grunt_vaults_entry_fortified, nicolae_uskayaw_suspiria,
          uniq_nessos, uniq_roxanne
D:15:     gammafunk_depths_entry_grave, layout_cave_pools,
          nicolae_ashenzari_skybound, ebering_ghost_disaster_area,
          einodemon_armed_red_devil_minivault
Temple:   compressed_dpeg_circular_temple
Abyss:1:  base:
D:13

Skill      XL: |  1  2  3  4  5  6  7  8  9 10 11 |
---------------+----------------------------------+-----
Conjurations   | 1 2 3 4 5 6 7 |  7.0
Dodging        | 2 3 4 5 6 7 |  7.5
Spellcasting   | 2 3 4 5 6 7 |  7.0
Air Magic      | 3 4 5 6 7 |  7.9
Armour         | 1 |  1.5
Transmutations | 1 3 4 5 6 |  6.6
Poison Magic   | 1 2 3 4 5 6 |  6.6
Ice Magic      | 1 |  1.8
Stealth        | |  1.7

Action                   |  1- 3 |  4- 6 |  7- 9 | 10-12 || total
-------------------------+-------+-------+-------+-------++-------
Melee: Dagger            |    36 |     2 |       |       ||    38
       Punch             |     1 |       |       |       ||     1
       Unarmed           |       |       |       |    42 ||    42
       War axe           |       |       |       |     4 ||     4
       Kick              |       |       |       |     2 ||     2
 Cast: Shock             |    84 |   127 |   174 |   125 ||   510
       Static Discharge  |       |    12 |    55 |   104 ||   171
       Airstrike         |       |       |       |    19 ||    19
       Spider Form       |       |       |       |     6 ||     6
       Freezing Cloud    |       |       |       |     4 ||     4
Evoke: Wand              |       |       |       |     4 ||     4
  Use: Scroll            |     7 |     7 |     3 |     8 ||    25
       Potion            |     1 |     1 |     1 |     3 ||     6
Armor: Robe              |    13 |    11 |    26 |    27 ||    77
       Skin              |       |       |       |     3 ||     3
Dodge: Dodged            |    42 |    13 |    44 |   108 ||   207

Table legend: (Time is in decaauts)
 A = Elapsed time spent in this place.
 B = Non-inter-level travel time spent in this place.
 C = Inter-level travel time spent in this place.
 D = Time resting spent in this place.
 E = Time spent auto-exploring this place.
 F = Levels seen in this place.
 G = Mean time per level.
                   A        B        C        D        E       F      G
               +--------+--------+--------+--------+--------+-----+--------+
         Total |  14739 |  14266 |    473 |   4441 |   7545 |  17 |  867.0 |
       Dungeon |  14506 |  14033 |    473 |   4441 |   7545 |  15 |  967.1 |
        Temple |      1 |      1 |      0 |      0 |      0 |   1 |    1.0 |
         Abyss |    231 |    231 |      0 |      0 |      0 |   1 |  231.0 |
               +--------+--------+--------+--------+--------+-----+--------+

Top non-repeatable levels by time:
     D:5: 1670 daAuts
     D:1: 1505 daAuts
    D:11: 1407 daAuts
     D:6: 1387 daAuts
     D:3: 1259 daAuts
     D:2: 1207 daAuts
     D:9: 1202 daAuts
     D:8: 1198 daAuts
     D:7: 1075 daAuts
    D:10: 1013 daAuts
     D:4: 990 daAuts
    D:12: 480 daAuts
 Abyss:1: 231 daAuts
    D:14: 66 daAuts
    D:13: 34 daAuts
